 Dungeon Crawl Stone Soup version 0.29.1-1-gd02db6906a (webtiles) character file.

Game seed: 16213278931845227681

1295 lonewolfV2 the Chopper (level 8, 0/65 (71) HPs)
             Began as a Minotaur Berserker on Oct 14, 2022.
             Was a Believer of Trog.
             Slain by a wight
             ... wielding a +2 scimitar
              (15 damage)
             ... on level 6 of the Dungeon.
             The game lasted 00:10:33 (6677 turns).

lonewolfV2 the Chopper (Minotaur Berserker)         Turns: 6677, Time: 00:10:34

HP:   0/65 (71)     AC:  3    Str: 24    XL:     8   Next: 30%
MP:   7/7           EV: 13    Int:  4    God:    Trog [**....]
Gold: 316           SH:  0    Dex: 10    Spells: 7/7 levels left

rFire   . . .      SeeInvis .   a - +1 hand axe
rCold   . . .      Faith    .   (no shield)
rNeg    . . .      Spirit   .   b - +1 animal skin
rPois   .          Reflect  .   (helmet restricted)
rElec   .          Harm     .   (no cloak)
rCorr   .          Rampage  .   (no gloves)
Will    +....                   (no boots)
Stlth   ++........              (no amulet)
HPRegen 0.20/turn               g - ring of willpower
MPRegen 0.10/turn               (no ring)

@: drained
A: horns 2, retaliatory headbutt
a: Renounce Religion, Berserk, Trog's Hand


You were on level 6 of the Dungeon.
You worshipped Trog.
Trog was pleased with you.
You visited 1 branch of the dungeon, and saw 6 of its levels.

You collected 316 gold pieces.

Inventory:

Hand Weapons
 a - a +1 hand axe (weapon)
Armour
 b - a +1 animal skin (worn)
Jewellery
 g - a ring of willpower (left hand)
Wands
 m - a wand of light (4)
 t - a wand of charming (14)
Scrolls
 d - 4 scrolls of identify
 i - 3 scrolls of enchant weapon
 k - a scroll of torment {unknown}
 l - a scroll of magic mapping
 o - a scroll of amnesia {unknown}
 q - a scroll of teleportation
 w - a scroll of poison {unknown}
 x - a scroll of fear {unknown}
 y - a scroll of enchant armour
Potions
 c - 2 potions of resistance {unknown}
 e - 3 potions of attraction {unknown}
 f - 2 potions of haste
 h - 3 potions of curing
 j - 3 potions of ambrosia {unknown}
 n - 4 potions of heal wounds {unknown}
 p - a potion of degeneration {unknown}
 r - 2 potions of flight {unknown}
 u - a potion of brilliance {unknown}
 v - 2 potions of might {unknown}
 z - a potion of mutation {unknown}


   Skills:
 + Level 6.6 Fighting
 + Level 7.6 Axes
 + Level 2.8 Armour
 + Level 5.7 Dodging
 + Level 4.2 Stealth


You had 7 spell levels left.
You didn't know any spells.
Your spell library was empty.

Dungeon Overview and Level Annotations

Branches:
Dungeon (6/15)             Temple (0/1) D:5

Altars:
Nemelex Xobeh
Uskayaw
Xom
Zin

Shops:
D:1 (


Innate Abilities, Weirdness & Mutations

You have a pair of horns on your head.
You reflexively headbutt those who attack you in melee.


Message History

There is an open door here.
You open the door.
r - 2 metallic orange potions (gained 1)
z - a lumpy black potion Done exploring.
Done exploring.
Done exploring.
Done exploring.
There is a stone staircase leading down here.
You climb downwards.
Found a scroll of enchant armour.
Found an escape hatch in the floor.
There is a stone staircase leading up here.
y - a scroll of enchant armour A wight comes into view.
It is wielding a +2 scimitar.
A wight comes into view. It is wielding a +0 great sword.
A wight comes into view. It is wielding a +0 flail.
The wight hits you with a +2 scimitar!
You feel drained.
You hit the wight but do no damage. You hit the wight.
The wight is lightly damaged.
The wight hits you with a +2 scimitar!
You feel drained.
You hit the wight but do no damage. You headbutt the wight.
The wight is heavily damaged.
The wight hits you with a +2 scimitar!
You feel drained.
You hit the wight but do no damage.
The wight is heavily damaged.
The wight hits you with a +2 scimitar!
* * * LOW HITPOINT WARNING * * *
You closely miss the wight.
The wight is heavily damaged.
You hit the wight but do no damage. The wight barely misses you.
You furiously retaliate!
You headbutt the wight!
The wight hits you with a +0 great sword!
* * * LOW HITPOINT WARNING * * *
Okay, then.
You feel better. The wight closely misses you. You furiously retaliate!
You headbutt the wight.
As you read the scroll of butterflies, it crumbles to dust.
You hear the tinkle of a tiny bell.
The wight hits you with a +2 scimitar!
You die...

####### # #....>##.. #
#........# #.
#........#
#.###.<......#
#............#
#.######.###.bbbbb#
#........# #.bbzzb#####
########.###.bb@bz.....
#.....##########
#######


You could see 3 wights.

Vanquished Creatures
  Sigmund (D:3)
  A wyvern (D:4)
  A water moccasin (D:5)
  3 ice beasts (D:5)
  An ogre (D:4)
  A centaur (D:5)
  A phantom (D:5)
  The ghost of sanboga the Chopper, a weakling MiMo (D:3)
  A hound (D:4)
  A jelly (D:4)
  3 iguanas
  9 adders
  3 gnolls (D:4)
  A worm (D:5)
  4 dart slugs
  7 orcs
  5 bats
  7 endoplasms
  3 giant cockroaches
  4 goblins
  7 hobgoblins
  3 jackals (D:1)
  2 quokkas (D:3)
  6 ball pythons
  3 kobolds
  4 rats
83 creatures vanquished.

Notes
Turn   | Place    | Note
-------+----------+-------------------------------------------
     0 | D:1      | lonewolfV2 the Minotaur Berserker began the quest for the
                  | Orb.
     0 | D:1      | Reached XP level 1. HP: 19/19 MP: 0/0
    18 | D:1      | Found a faded altar of an unknown god.
    59 | D:1      | Reached skill level 4 in Axes
    59 | D:1      | Reached XP level 2. HP: 6/27 MP: 1/1
   326 | D:1      | Found Ineang's Weapon Emporium.
  1255 | D:2      | Reached XP level 3. HP: 27/33 MP: 2/2
  1363 | D:2      | Reached ** piety under Trog
  1878 | D:3      | Reached XP level 4. HP: 41/41 MP: 3/3
  1925 | D:3      | Noticed sanboga's ghost (weakling MiMo)
  1928 | D:3      | Found a transporter.
  1931 | D:3      | Noticed Sigmund
  1938 | D:3      | Killed Sigmund
  1939 | D:3      | Reached skill level 5 in Fighting
  1939 | D:3      | Reached skill level 5 in Axes
  1939 | D:3      | Reached skill level 1 in Stealth
  1939 | D:3      | Reached XP level 5. HP: 29/48 MP: 4/4
  2136 | D:3      | Found a transporter.
  2145 | D:3      | Killed sanboga's ghost
  2146 | D:3      | Reached XP level 6. HP: 17/56 MP: 5/5
  3410 | D:4      | Noticed a wyvern
  3418 | D:4      | Killed a wyvern
  3419 | D:4      | Reached skill level 6 in Axes
  3616 | D:4      | Reached XP level 7. HP: 59/61 MP: 6/6
  3790 | D:4      | Found a glowing silver altar of Zin.
  4794 | D:5      | Entered Level 5 of the Dungeon
  4812 | D:5      | Reached skill level 5 in Dodging
  4872 | D:5      | Found a shimmering altar of Xom.
  4995 | D:5      | Found a staircase to the Ecumenical Temple.
  5271 | D:5      | Reached skill level 7 in Axes
  5271 | D:5      | Reached XP level 8. HP: 12/70 MP: 7/7
  5550 | D:5      | Found a sparkling altar of Nemelex Xobeh.
  6506 | D:5      | Found a hide-covered altar of Uskayaw.
  6677 | D:6      | Slain by a wight

Illustrated notes

Levels and vault maps discovered:
D:1:      minmay_arrival_arboretum_small, layout_basic,
          hellmonk_ecumenical_altar_dog_temple, serial_shops,
          nicolae_shop_stone, minmay_tromino_v2
D:2:      minmay_inner_zag, layout_loops_ring, hangedman_decor_opposing
D:3:      layout_rooms, gammafunk_ghost_arena, minmay_puff, uniq_sigmund
D:4:      layout_rooms, zin_scriptorium, serial_co_window_serial,
          co_window_of_opportunity_a, co_window_paths_a, co_window_paths_a,
          co_window_paths_a, co_window_corner_a, co_window_cross_1,
          co_window_of_opportunity_b, co_window_corner_b, co_window_paths_c,
          co_window_4corner_b
D:5:      layout_gridville, mainiacjoe_overflow_tiny_flanked,
          nicolae_uskayaw_dance_hall, nemelex_xobeh_ov_fountains_minmay,
          minmay_temple_entry_stoned_glass
D:6:      layout_loops_ring, nicolae_qazlal_style_of_elements,
          mainiacjoe_overflow_brackets, uniq_grinder, uniq_prince_ribbit1

Skill      XL: |  1  2  3  4  5  6  7  8 |
---------------+-------------------------+-----
Axes           | 4 5 6 7 |  7.6
Fighting       | 4 5 6 |  6.6
Dodging        | 3 4 5 |  5.7
Stealth        | 1 2 3 4 |  4.2
Armour         | |  2.8

Action                   |  1- 3 |  4- 6 |  7- 9 || total
-------------------------+-------+-------+-------++-------
Melee: Hand axe          |    56 |    48 |    94 ||   198
       Headbutt          |     6 |    14 |    19 ||    39
  Use: Scroll            |    10 |     1 |     1 ||    12
       Potion            |       |       |     1 ||     1
 Stab: Sleeping          |     3 |     1 |     1 ||     5
Armor: Animal skin       |    23 |    10 |     9 ||    42
Dodge: Dodged            |    58 |    45 |    43 ||   146
